Cogmind - Beta 12 @@@ ROGUE MODE // 2023.04.11 @ 16:41:04 Player: Exp. Geonium Core Result: Self-destructed Performance ------------- Evolutions (5) 2500 Regions Visited (13) 2600 Robots Destroyed (89) 445 Value Destroyed (2367) 2367 Prototype IDs (32) 640 Alien Tech Used (0) 0 Bonus (-4936) -4936 TOTAL SCORE: 3616 Bonus ------- High Alert Combat Kills 66 Follower Combat Kills 40 Aligned with FarCom 300 Met Data Miner 300 Friendly Fire -5642 Cogmind --------- Core Integrity 754/1000 Matter 23/300 Energy 100/100 System Corruption 5% Temperature Cool (0) Movement Core (200) Ox3 Location -5/Upper Caves Parts ------- > --- POWER (1) -------- (None) > --- PROPULSION (5) --- (None) > --- UTILITY (9) ------ Medium Storage Unit Gravity Neutralizer Enhanced Optical Array Advanced Signal Interpreter Hacking Suite Hacking Suite Advanced System Shield Improved Corruption Screen > --- WEAPON (2) ------- Improved Plasma Cutter > --- INVENTORY (10) --- Advanced ECM Suite Cloaking Device Decoy Drone Bay (16/16) Heavy Missile Launcher Great Maul Peak State ------------ > --- POWER ------------ Angular Momentum Engine > --- PROPULSION ------- Xenon Bombardment Thruster Xenon Bombardment Thruster Xenon Bombardment Thruster Nuclear Pulse Array > --- UTILITY ---------- Medium Storage Unit Enhanced Optical Array Advanced Sensor Array Advanced Signal Interpreter Improved Propulsion Shielding Utility Shielding Hacking Suite Hacking Suite Advanced System Shield > --- WEAPON ----------- Heavy Missile Launcher Great Maul > --- INVENTORY -------- Xenon Bombardment Thruster Power Amplifier Gravity Neutralizer Advanced ECM Suite Cloaking Device Improved Medium Armor Plating Decoy Drone Bay Improved Plasma Cutter [Rating: 72] Favorites ----------- Power Light Ion Engine Engine Light Ion Engine Power Core Light Nuclear Core Propulsion Light Treads Treads Light Treads Leg Aluminum Leg Wheel Armored Wheel Flight Unit Xenon Bombardment Thruster Utility High-capacity Storage Unit Device Improved Sensor Array Storage High-capacity Storage Unit Processor Transport Network Coupler Hackware Hacking Suite Protection Hardened Light Armor Plating Weapon Light Assault Rifle Energy Gun EM Pulse Gun Energy Cannon Heavy Particle Cannon Ballistic Gun Light Assault Rifle Ballistic Cannon Flak Cannon Launcher Rocket Launcher Special Weapon Improved Plasma Cutter Impact Weapon Great Maul Slashing Weapon Katana Special Melee Weapon Datajack Build | -11 -10 -10 -10 -9 -8 -7 -7 -7 -6 -6 -6 -5 -5 ------- Run | Jun Mat Min Exi Min Mat Fac Low Dat Pro Fac Ext Fac Upp Slots Evolved 10 | . . . . . 4 2 . . . 2 . 2 . Power . | . . . . . . . . . . . . . . Propulsion 3 | . . . . . 1 1 . . . . . 1 . Utility 7 | . . . . . 3 1 . . . 2 . 1 . Weapon . | . . . . . . . . . . . . . . Parts Attached 125 | . 11 5 2 4 33 24 1 . 2 6 3 27 7 Power 10 | . 1 1 . . 3 1 . . . . . 1 3 Engine 7 | . 1 1 . . 1 . . . . . . 1 3 Core 3 | . . . . . 2 1 . . . . . . . Reactor . | . . . . . . . . . . . . . . Propulsion 24 | . 3 1 1 1 9 4 . . . . . 5 . Treads 13 | . 3 1 1 . 8 . . . . . . . . Leg . | . . . . . . . . . . . . . . Wheel 2 | . . . . 1 1 . . . . . . . . Hover . | . . . . . . . . . . . . . . Flight 9 | . . . . . . 4 . . . . . 5 . Utility 60 | . 3 1 . 2 10 14 1 . 1 5 2 18 3 Device 25 | . . . . . 7 6 . . 1 . 1 8 2 Storage 2 | . 1 . . . . 1 . . . . . . . Processor 5 | . . . . 1 . 1 . . . 1 . 2 . Hackware 6 | . . . . . . 3 . . . 1 . 2 . Protection 22 | . 2 1 . 1 3 3 1 . . 3 1 6 1 Artifact . | . . . . . . . . . . . . . . Weapon 31 | . 4 2 1 1 11 5 . . 1 1 1 3 1 Energy Gun . | . . . . . . . . . . . . . . Energy Cannon 2 | . . . . . 2 . . . . . . . . Ballistic Gun 7 | . 1 2 . 1 3 . . . . . . . . Ballistic Cannon 2 | . . . . . 2 . . . . . . . . Launcher 4 | . . . 1 . 1 1 . . . . . 1 . Special Weapon 2 | . . . . . . . . . . . . 1 1 Impact Weapon 10 | . 2 . . . 3 1 . . 1 1 1 1 . Slashing Weapon 3 | . . . . . . 3 . . . . . . . Piercing Weapon . | . . . . . . . . . . . . . . Special Melee Weapon 1 | . 1 . . . . . . . . . . . . Unidentified Prototypes 4 | . . . . . 3 1 . . . . . . . Corrupted Parts 1 | . . . . 1 . . . . . . . . . System Corruption 1 | . . . . 1 . . . . . . . . . Parts Lost 25 | . 2 3 1 . 4 1 . . . . 2 6 6 Power 7 | . 1 1 . . 1 1 . . . . 1 . 2 Propulsion 9 | . . 1 1 . 2 . . . . . . 3 2 Utility 7 | . . . . . 1 . . . . . 1 3 2 Weapon 2 | . 1 1 . . . . . . . . . . . Highest Loss Streak 4 | . 1 3 1 . 3 1 . . . . 2 4 4 To Critical Strikes . | . . . . . . . . . . . . . . Average Slot Usage (%) 94 | . 97 98 100 99 97 95 92 92 92 90 89 83 58 Engine 8 | . 12 12 14 14 6 . . . . . . 3 2 Core 1 | . . . . . 2 7 7 7 7 6 5 . . Treads 18 | . 26 28 28 15 25 . . . . . . . . Flight 6 | . . . . . . 29 30 30 30 26 26 22 1 Device 4 | . . . . . 14 6 5 . 7 5 6 5 5 Storage 10 | . 14 14 14 14 9 7 7 7 7 6 6 5 5 Processor 4 | . . . . . 9 7 7 7 7 6 6 10 17 Hackware 5 | . . . . . . 13 23 23 23 26 26 16 17 Protection 11 | . 13 14 14 14 11 8 1 7 . 6 6 9 3 Ballistic Gun 13 | . 23 20 26 21 9 4 . . . . . . . Impact Weapon 3 | . 1 7 . . 4 . . . 6 3 3 4 . Naked Turns . | . . . . . . . . . . . . . . Heaviest Build 63 | 12 53 53 55 55 63 56 24 24 24 24 23 32 25 Greatest Support 66 | 20 40 40 40 40 66 24 24 24 24 24 24 31 31 Greatest Overweight (x) 5 | . 1 1 1 4 5 2 . . . . . 1 3 Average Overweight (x) . | . . 1 1 3 . . . . . . . . . Largest Inventory Capacity 20 | . 20 20 20 20 20 20 10 10 10 10 10 10 10 Average Capacity 16 | . 18 20 20 20 20 11 10 10 10 10 10 10 10 Most Carried 20 | . 20 20 20 20 20 20 10 10 10 10 10 10 9 Average Carried 15 | . 15 19 19 19 19 10 10 10 9 8 9 9 6 Final Capacity 20 | 8 20 20 20 20 20 10 10 10 10 10 10 10 10 Final Carried 20 | 6 20 20 19 20 20 10 10 10 10 10 9 10 6 Class Distribution -------------------- 71% | Mutant 15% | Hacker-Sprinter 5% | Hacker-Scout 4% | Hacker-Mutant Dominant Class ---------------- Mutant | -10/Materials Mutant | -10/Mines Mutant | -10/Exiles Mutant | -9/Mines Mutant | -8/Materials Hacker-Sprinter | -7/Factory Hacker-Sprinter | -7/Lower Caves Hacker-Sprinter | -7/Data Miner Hacker-Sprinter | -6/Proximity Caves Hacker-Sprinter | -6/Factory Hacker-Sprinter | -6/Extension Hacker-Scout | -5/Factory Hacker-Mutant | -5/Upper Caves Resources | -11 -10 -10 -10 -9 -8 -7 -7 -7 -6 -6 -6 -5 -5 ----------- Run | Jun Mat Min Exi Min Mat Fac Low Dat Pro Fac Ext Fac Upp Matter Collected 2306 | 200 528 62 . 45 832 144 42 . 180 119 30 94 30 Remotely . | . . . . . . . . . . . . . . Salvage Created 2968 | . 856 152 11 . 1056 154 . . 128 331 68 212 . Parts 130 | . 55 6 . . 42 11 . . 5 3 . 8 . Haulers Intercepted 9 | . 1 . . . 4 1 . . . 3 . . . Recyclers Shooed 6 | . 6 . . . . . . . . . . . . Parts Field Recycled . | . . . . . . . . . . . . . . Retrieved Matter . | . . . . . . . . . . . . . . Parts Self-Destructed 2 | . . . . . . . . . 2 . . . . Prevented . | . . . . . . . . . . . . . . Kills | -11 -10 -10 -10 -9 -8 -7 -7 -7 -6 -6 -6 -5 -5 ------- Run | Jun Mat Min Exi Min Mat Fac Low Dat Pro Fac Ext Fac Upp Combat Hostiles Destroyed 57 | . 16 3 3 . 23 4 . . 1 . . 7 . Melee 4 | . 1 . . . 1 . . . 1 . . 1 . Guns 24 | . 15 2 . . 7 . . . . . . . . Cannons 10 | . . . . . 10 . . . . . . . . AOE 17 | . . . 3 . 4 4 . . . . . 6 . Classes Destroyed 16 | . 9 . 1 . 4 . . . 1 . . 1 . Worker 4 | . 2 . . . 2 . . . . . . . . Builder 4 | . 1 1 . . 2 . . . . . . . . Tunneler 1 | . 1 . . . . . . . . . . . . Hauler 9 | . 1 . . . 4 1 . . . 3 . . . Recycler 1 | . 1 . . . . . . . . . . . . Mechanic 2 | . . . . . 1 . . . . 1 . . . Operator 3 | . 2 . . . . . . . . . . 1 . Watcher 8 | . 1 . . . 2 2 . . . 1 . 2 . Swarmer 16 | . 3 . . . 4 4 . . . . . 5 . Grunt 26 | . 13 3 . . 10 . . . . . . . . Brawler 2 | . . . . . 2 . . . . . . . . Duelist 1 | . . . . . 1 . . . . . . . . Sentry 6 | . . . . . 6 . . . . . . . . Hunter 2 | . . . . . . . . . . . . 2 . Programmer 1 | . . . . . . . . . 1 . . . . Enhanced Grunt 1 | . . . . . . . . . 1 . . . . Assembled 3 | . . . 3 . . . . . . . . . . Butcher 1 | . . . . . . . . . . . 1 . . Best Kill Streak 6 | . 6 2 3 . 5 4 . . 1 2 . 6 . Combat Bots Only 6 | . 6 2 3 . 4 4 . . 1 . . 6 . Max Kills in Single Turn 4 | . 1 1 2 . 3 4 . . 1 1 1 2 . Gunslinging . | . . . . . . . . . . . . . . Exploded 4 | . . . 2 . 3 4 . . . . . 2 . Melee 1 | . 1 . . . 1 . . . 1 . . 1 . Uniques/NPCs Destroyed 1 | . . . . . . . . . . . 1 . . A7 (-6/Extension) Combat | -11 -10 -10 -10 -9 -8 -7 -7 -7 -6 -6 -6 -5 -5 -------- Run | Jun Mat Min Exi Min Mat Fac Low Dat Pro Fac Ext Fac Upp Damage Taken 4550 | . 655 576 230 . 1533 116 . . 14 108 240 844 234 Core 815 | . 81 86 29 . 220 60 . . . 42 51 200 46 Absorbed by Shields . | . . . . . . . . . . . . . . Redirected to Shielding 161 | . . . . . 4 . . . . 35 9 81 32 Core Remaining (%) 72 | 100 . . . 21 60 . . . 91 . 89 . . Volleys Fired 194 | . 71 14 5 . 93 1 . . . . . 7 3 Largest 2 | . 2 2 1 . 2 1 . . . . . 1 1 Hottest 98 | . 60 40 33 . 98 39 . . . . . 39 20 Shots Fired 328 | . 142 28 5 . 142 1 . . . . . 7 3 Gun 262 | . 142 28 . . 92 . . . . . . . . Cannon 48 | . . . . . 48 . . . . . . . . Launcher 15 | . . . 5 . 2 1 . . . . . 7 . Special 3 | . . . . . . . . . . . . . 3 Kinetic 288 | . 126 28 . . 134 . . . . . . . . Thermal 9 | . . . . . 6 . . . . . . . 3 Explosive 15 | . . . 5 . 2 1 . . . . . 7 . Electromagnetic 16 | . 16 . . . . . . . . . . . . Robot Hit Streak 14 | . 14 12 1 . 11 . . . . . . 5 8 Robot Miss Streak 7 | . 4 1 1 . 7 . . . . . . . . Penetration Max . | . . . . . . . . . . . . . . Secondary Targets 2 | . 1 . . . 1 . . . . . . . . Max Gunslinging Chain 1 | . 1 . . . 1 . . . . . . . . Shots Hit Robots 302 | . 85 34 1 . 124 5 . . 3 9 22 16 3 Core Hits 141 | . 38 7 4 . 71 8 . . 1 . 1 10 1 Critical Kills 2 | . 1 . . . . 1 . . . . . . . Critical Parts Destroyed 17 | . . 3 . . 3 . . . 1 3 5 2 . Critical Strikes 21 | . 1 3 . . 3 2 . . 1 3 6 2 . Destroy 2 | . 1 1 . . . . . . . . . . . Smash 18 | . . 2 . . 3 1 . . 1 3 6 2 . Sever 1 | . . . . . . 1 . . . . . . . Melee Attacks 142 | . 7 15 . . 22 28 . . 3 25 22 20 . Impact 115 | . 7 15 . . 22 1 . . 3 25 22 20 . Slashing 27 | . . . . . . 27 . . . . . . . Piercing . | . . . . . . . . . . . . . . Sneak Attacks 44 | . 2 2 . . 8 1 . . 2 5 22 2 . Combat Hostiles . | . . . . . . . . . . . . . . Follow-up Attacks . | . . . . . . . . . . . . . . Damage Inflicted 9478 | . 1040 665 126 . 3339 455 . . 241 656 1650 1259 47 Guns 2103 | . 892 211 . . 1000 . . . . . . . . Cannons 1014 | . . . . . 1014 . . . . . . . . Explosions 1142 | . . . 126 . 263 202 . . . . . 551 . Melee 5110 | . 106 434 . . 1062 253 . . 241 656 1650 708 . Ramming 62 | . 42 20 . . . . . . . . . . . Kinetic 2885 | . 785 211 . . 1889 . . . . . . . . Thermal 172 | . . . . . 125 . . . . . . . 47 Explosive 1142 | . . . 126 . 263 202 . . . . . 551 . Electromagnetic 107 | . 107 . . . . . . . . . . . . Impact 4955 | . 106 434 . . 1062 98 . . 241 656 1650 708 . Slashing 155 | . . . . . . 155 . . . . . . . Piercing . | . . . . . . . . . . . . . . Highest Corruption 5 | . . . . 1 . . . . . . . 5 5 Average Corruption 3 | . . . . 1 . . . . . . . 2 5 Corruption Purged . | . . . . . . . . . . . . . . Corruption Blocked 1 | . . . . . . . . . . . . . 1 Effects 10 | . . . . . . . . . . . . 4 6 Message Errors 1 | . . . . . . . . . . . . . 1 Matter Fused 2 | . . . . . . . . . . . . 2 . Heat Flow Errors 1 | . . . . . . . . . . . . 1 . Energy Discharges 4 | . . . . . . . . . . . . 1 3 Data Loss (minor) 1 | . . . . . . . . . . . . . 1 Data Loss (major) 1 | . . . . . . . . . . . . . 1 Overload Shots . | . . . . . . . . . . . . . . Overflow Damage 1946 | . 8 135 . . 586 4 . . 100 392 409 293 19 Projectiles 19 | . . . . . . . . . . . . . 19 Explosions 23 | . . . . . 9 . . . . . . 14 . Melee 1904 | . 8 135 . . 577 4 . . 100 392 409 279 . Knockbacks 32 | . 1 3 . . 16 . . . . 1 6 5 . Impact 19 | . 1 3 . . 3 . . . . 1 6 5 . Kinetic 12 | . . . . . 12 . . . . . . . . Secondary 1 | . . . . . 1 . . . . . . . . Self-Inflicted Damage 152 | . . . 40 . . 60 . . . . . 52 . Shots 4 | . . . 1 . . 1 . . . . . 2 . Rammed 13 | . 10 3 . . . . . . . . . . . Targets Rammed 15 | . 12 3 . . . . . . . . . . . Kicked . | . . . . . . . . . . . . . . Crushed 2 | . 2 . . . . . . . . . . . . Highest Temperature 189 | . 150 59 4 . 189 3 . . . 9 8 179 . Average Temperature 38 | . 30 35 2 . 49 3 . . . 9 5 99 . Received Heat Transfer 1524 | . 330 348 . . 693 12 . . . 39 66 9 27 Siege Activations . | . . . . . . . . . . . . . . Robots Corrupted . | . . . . . . . . . . . . . . Combat Hostiles . | . . . . . . . . . . . . . . Parts Fried 29 | . 3 1 . . 15 . . . 1 2 . 7 . Impact Corruptions 55 | . 1 4 . . 17 . . . 2 9 12 10 . Robots Melted . | . . . . . . . . . . . . . . Combat Hostiles . | . . . . . . . . . . . . . . Parts Melted . | . . . . . . . . . . . . . . Heat Transferred 296 | . . . . . 185 . . . . . . . 111 Parts Sabotaged . | . . . . . . . . . . . . . . Parts Stolen . | . . . . . . . . . . . . . . Parts Stripped . | . . . . . . . . . . . . . . Power Chain Reactions . | . . . . . . . . . . . . . . Missiles Intercepted . | . . . . . . . . . . . . . . Alert | -11 -10 -10 -10 -9 -8 -7 -7 -7 -6 -6 -6 -5 -5 ------- Run | Jun Mat Min Exi Min Mat Fac Low Dat Pro Fac Ext Fac Upp Peak Influence 514 | . 295 81 . . 493 514 . . . 270 222 435 . Initial 224 | . . 36 . . . 224 . . . 23 132 108 . Average 126 | . 124 24 . . 172 314 . . . 73 191 168 . Maximum Alert Level 2 | . 1 . . . 2 2 . . . 1 1 2 . Low Security (%) 77 | . 92 100 . 100 63 . . . . 94 45 73 . Level 1 16 | . 7 . . . 19 82 . . . 5 54 25 . Level 2 5 | . . . . . 17 17 . . . . . 1 . Level 3 . | . . . . . . . . . . . . . . Level 4 . | . . . . . . . . . . . . . . Level 5 . | . . . . . . . . . . . . . . High Security . | . . . . . . . . . . . . . . Max Security . | . . . . . . . . . . . . . . Squads Dispatched 15 | . 3 . . . 6 . . . . 1 . 5 . Investigation 6 | . 2 . . . 2 . . . . . . 2 . Extermination 1 | . . . . . . . . . . . . 1 . Reinforcement 5 | . 1 . . . 1 . . . . 1 . 2 . Assault . | . . . . . . . . . . . . . . Garrison 3 | . . . . . 3 . . . . . . . . Intercept . | . . . . . . . . . . . . . . Searches Triggered . | . . . . . . . . . . . . . . Data Miner Redirects 1 | . . . . . . . . . . . . 1 . Construction Impeded . | . . . . . . . . . . . . . . Haulers Reinforced 1 | . . . . . . . . . . 1 . . . Active Scanning Responses . | . . . . . . . . . . . . . . Cargo Convoy Interrupts . | . . . . . . . . . . . . . . Stealth | -11 -10 -10 -10 -9 -8 -7 -7 -7 -6 -6 -6 -5 -5 --------- Run | Jun Mat Min Exi Min Mat Fac Low Dat Pro Fac Ext Fac Upp Distress Signals 7 | . 2 . . 1 . . . . . 2 . 2 . Communications Jammed . | . . . . . . . . . . . . . . Distress Signals . | . . . . . . . . . . . . . . Times Spotted 181 | . 43 4 6 . 37 15 1 . 1 14 8 37 15 Peak Tracking Total 18 | . 6 2 9 . 5 5 1 . 1 7 7 18 9 Tactical Retreats 22 | . 3 1 . . 1 2 . . . 3 . 5 7 Traps | -11 -10 -10 -10 -9 -8 -7 -7 -7 -6 -6 -6 -5 -5 ------- Run | Jun Mat Min Exi Min Mat Fac Low Dat Pro Fac Ext Fac Upp Traps Triggered 7 | . 2 . . . . 2 . . . . 1 1 1 Indirectly . | . . . . . . . . . . . . . . Trap Hack Attempts 11 | . 11 . . . . . . . . . . . . Triggered . | . . . . . . . . . . . . . . Disarmed . | . . . . . . . . . . . . . . Reprogrammed 2 | . 2 . . . . . . . . . . . . Reused . | . . . . . . . . . . . . . . Traps Extracted . | . . . . . . . . . . . . . . Installed . | . . . . . . . . . . . . . . Triggered . | . . . . . . . . . . . . . . Most Traps Carried 2 | . . 2 2 2 1 . . . . . . . . Machines | -11 -10 -10 -10 -9 -8 -7 -7 -7 -6 -6 -6 -5 -5 ---------- Run | Jun Mat Min Exi Min Mat Fac Low Dat Pro Fac Ext Fac Upp Machines Disabled 7 | . 1 . 3 . . . . . . . 1 2 . Max in Single Turn 1 | . 1 . 1 . . . . . . . 1 1 . Garrison Access 1 | . . . . . . 1 . . . . . . . Machines Repaired . | . . . . . . . . . . . . . . Machines Sabotaged . | . . . . . . . . . . . . . . Overloaded Fab Kills . | . . . . . . . . . . . . . . Hacking | -11 -10 -10 -10 -9 -8 -7 -7 -7 -6 -6 -6 -5 -5 --------- Run | Jun Mat Min Exi Min Mat Fac Low Dat Pro Fac Ext Fac Upp Machines Accessed 49 | . 5 . 2 1 14 5 . 4 . 8 3 7 . Terminals 28 | . 4 . . . 10 2 . . . 6 3 3 . Fabricators 3 | . . . . . . 1 . . . 1 . 1 . Repair Stations 1 | . . . . . . . . . . . . 1 . Recycling Units 5 | . 1 . . . 2 . . . . 1 . 1 . Scanalyzers 2 | . . . . . 1 . . . . . . 1 . Garrison Access 3 | . . . . . 1 2 . . . . . . . Total Hacks 145 | . 14 . 2 1 30 9 . 29 . 20 13 27 . Successful 79 | . 4 . 2 1 10 4 . 29 . 8 10 11 . Failed 65 | . 10 . . . 20 5 . . . 12 2 16 . Catastrophic 13 | . 2 . . . 4 2 . . . 1 . 4 . Database Lockouts 1 | . . . . . . . . . . . 1 . . Manual 71 | . 11 . 1 . 20 4 . . . 14 13 8 . Terminals 79 | . 11 . . . 19 4 . . . 16 13 16 . Fabricators 6 | . . . . . . 1 . . . 3 . 2 . Repair Stations 4 | . . . . . . . . . . . . 4 . Recycling Units 10 | . 3 . . . 4 . . . . 1 . 2 . Scanalyzers 8 | . . . . . 5 . . . . . . 3 . Garrison Access 6 | . . . . . 2 4 . . . . . . . Terminal Hacks 48 | . . . 2 1 1 1 . 29 . 4 7 3 . Record 12 | . . . 1 . . . . 11 . . . . . Part Schematic 17 | . . . . . . . . 11 . . 6 . . Robot Schematic 8 | . . . . . . . . 7 . 1 . . . Open Door 2 | . . . . 1 . . . . . . 1 . . Branch Access Points 3 | . . . . . 1 . . . . 1 . 1 . Terminal Index 2 | . . . . . . 1 . . . 1 . . . Fabricator Index 1 | . . . . . . . . . . 1 . . . Locate Traps 2 | . . . . . . . . . . . . 2 . EX-Prototype ID Bank 1 | . . . 1 . . . . . . . . . . Fabricator Hacks 4 | . . . . . . 1 . . . 1 . 2 . Network Status 1 | . . . . . . 1 . . . . . . . Load Schematic 2 | . . . . . . . . . . 1 . 1 . Build 1 | . . . . . . . . . . . . 1 . Repair Station Hacks 1 | . . . . . . . . . . . . 1 . Scan Component 1 | . . . . . . . . . . . . 1 . Recycling Unit Hacks 6 | . 3 . . . 1 . . . . 1 . 1 . Process 1 | . 1 . . . . . . . . . . . . Report Inventory 4 | . 1 . . . 1 . . . . 1 . 1 . Retrieve Matter 1 | . 1 . . . . . . . . . . . . Scanalyzer 4 | . . . . . 2 . . . . . . 2 . Insert Component 3 | . . . . . 2 . . . . . . 1 . Analyze 1 | . . . . . . . . . . . . 1 . Garrison Access Hacks 1 | . . . . . . 1 . . . . . . . Seal Access 1 | . . . . . . 1 . . . . . . . Unauthorized Hacks 15 | . 1 . . . 6 1 . . . 2 3 2 . Terminals 13 | . 1 . . . 5 1 . . . 2 3 1 . Assimilate 2 | . . . . . 1 1 . . . . . . . Botnet 4 | . . . . . 2 . . . . 1 1 . . Disrupt 1 | . . . . . . . . . . . 1 . . Operators 6 | . 1 . . . 2 . . . . 1 1 1 . Fabricators . | . . . . . . . . . . . . . . Repair Stations . | . . . . . . . . . . . . . . Recycling Units 2 | . . . . . 1 . . . . . . 1 . Tunnel 2 | . . . . . 1 . . . . . . 1 . Scanalyzers . | . . . . . . . . . . . . . . Garrison Access . | . . . . . . . . . . . . . . Data Cores Recovered 1 | . 1 . . . . . . . . . . . . Used . | . . . . . . . . . . . . . . Hacking Detections 36 | . 5 . . . 13 4 . . . 8 . 6 . Full Trace Events 2 | . . . . . 1 . . . . . . 1 . Feedback Events . | . . . . . . . . . . . . . . Feedback Blocked . | . . . . . . . . . . . . . . Robot Schematics Acquired 8 | . . . . . . . . 7 . 1 . . . Robots Built . | . . . . . . . . . . . . . . Authchips . | . . . . . . . . . . . . . . Time . | . . . . . . . . . . . . . . Total Robot Build Rating . | . . . . . . . . . . . . . . Part Schematics Acquired 18 | . . . . . . . . 11 . . 6 1 . Parts Built 1 | . . . . . . . . . . . . 1 . Authchips . | . . . . . . . . . . . . . . Time 152 | . . . . . . . . . . . . 152 . Total Part Build Rating 5 | . . . . . . . . . . . . 5 . Parts Repaired . | . . . . . . . . . . . . . . Time . | . . . . . . . . . . . . . . Parts Recycled . | . . . . . . . . . . . . . . Recycled Matter 282 | . 282 . . . . . . . . . . . . Retrieved Matter . | . . . . . . . . . . . . . . Retrieved Components . | . . . . . . . . . . . . . . Parts Scanalyzed 1 | . . . . . 1 . . . . . . . . Part Schematics Acquired 1 | . . . . . . . . . . . . 1 . Parts Damaged . | . . . . . . . . . . . . . . Bothacking | -11 -10 -10 -10 -9 -8 -7 -7 -7 -6 -6 -6 -5 -5 ------------ Run | Jun Mat Min Exi Min Mat Fac Low Dat Pro Fac Ext Fac Upp Used RIF Installer . | . . . . . . . . . . . . . . Robots Hacked . | . . . . . . . . . . . . . . Non-combat . | . . . . . . . . . . . . . . Combat . | . . . . . . . . . . . . . . Robot Hacks Applied . | . . . . . . . . . . . . . . Relay Couplers Released . | . . . . . . . . . . . . . . Fabnet Peak Effective % . | . . . . . . . . . . . . . . Robots Rewired . | . . . . . . . . . . . . . . Allies Hacked . | . . . . . . . . . . . . . . Hacks Repelled . | . . . . . . . . . . . . . . Allies | -11 -10 -10 -10 -9 -8 -7 -7 -7 -6 -6 -6 -5 -5 -------- Run | Jun Mat Min Exi Min Mat Fac Low Dat Pro Fac Ext Fac Upp Total Allies 5 | . . . . . 1 1 . . 1 . 2 . . Largest Group 2 | . . . . . 1 2 . . 1 . 2 . . Highest-Rated Group 184 | . . . . . 10 35 . . 96 . 184 . . Highest-Rated Ally 159 | . . . . . 10 26 . . 96 . 159 . . Total Orders . | . . . . . . . . . . . . . . Ally Attacks 7 | . . . . . . . . . 3 . 4 . . Total Damage 254 | . . . . . . . . . 113 . 141 . . Kills 1 | . . . . . . . . . . . 1 . . Allies Corrupted 3 | . . . . . . . . . 1 . 2 . . Allies Melted . | . . . . . . . . . . . . . . Intel | -11 -10 -10 -10 -9 -8 -7 -7 -7 -6 -6 -6 -5 -5 ------- Run | Jun Mat Min Exi Min Mat Fac Low Dat Pro Fac Ext Fac Upp Robot Analysis Total . | . . . . . . . . . . . . . . Derelict Logs Recovered 6 | . . 1 . . . . . . 3 . . . 2 Drone Launches . | . . . . . . . . . . . . . . Drone Recoveries . | . . . . . . . . . . . . . . Exploration | -11 -10 -10 -10 -9 -8 -7 -7 -7 -6 -6 -6 -5 -5 ------------- Run | Jun Mat Min Exi Min Mat Fac Low Dat Pro Fac Ext Fac Upp Turns Passed 8761 | . 1868 1332 630 494 1820 550 127 26 252 479 198 639 346 Spaces Moved 6925 | 1 678 511 258 139 926 891 403 83 672 848 319 813 383 Core 336 | . . . . . . . . . . . . . 336 Treads 2252 | . 621 511 258 24 838 . . . . . . . . Legs 58 | 1 57 . . . . . . . . . . . . Wheels 203 | . . . . 115 88 . . . . . . . . Hover . | . . . . . . . . . . . . . . Flight 4076 | . . . . . . 891 403 83 672 848 319 813 47 Fastest Speed 29 | 120 120 240 240 135 135 31 31 31 31 31 31 29 34 Average Speed 96 | 120 217 240 240 165 155 38 31 31 31 31 31 39 81 Slowest Speed 305 | 120 240 240 240 240 305 191 31 31 31 31 34 117 200 Overloaded Moves . | . . . . . . . . . . . . . . Propulsion Burnouts . | . . . . . . . . . . . . . . Robots Hopped 39 | . . . . . . . . . . 6 18 15 . Cave-ins Triggered . | . . . . . . . . . . . . . . Exploration Rate (%) 49 | 2 84 97 59 23 72 22 38 70 77 28 31 26 68 Regions Visited 13 Branch Regions 8 Pre-discovered Areas 5 | . . . 1 . 1 . . 1 . . . 1 1 Known Exits Taken 7 | . . . . . . 1 1 1 1 1 1 1 . Unknown Exits Taken 6 | 1 1 1 1 1 1 . . . . . . . . Scrap Searched 9 | . . 1 . 2 . . 1 . 3 . . . 2 Spaces Dug 68 | . 3 . . . 3 13 . . . 15 . 34 . Terrain Destroyed 153 | . 3 . 29 . 28 25 . . . 15 . 53 . Melee 40 | . 3 . . . 3 13 . . . 15 . 6 . Projectile 1 | . . . . . 1 . . . . . . . . AOE 112 | . . . 29 . 24 12 . . . . . 47 . Terrain Rammed . | . . . . . . . . . . . . . . Walls Destroyed . | . . . . . . . . . . . . . . Machines Disabled . | . . . . . . . . . . . . . . Actions | -11 -10 -10 -10 -9 -8 -7 -7 -7 -6 -6 -6 -5 -5 --------- Run | Jun Mat Min Exi Min Mat Fac Low Dat Pro Fac Ext Fac Upp Total 8399 | . 915 564 264 403 1171 1058 403 82 708 1006 353 1061 411 Wait 849 | . 92 10 . 255 52 56 . . 30 131 13 193 17 Move 6847 | . 677 510 257 138 925 890 402 82 671 835 289 788 383 Hop 26 | . . . . . . . . . . 6 11 9 . Pick Up 61 | . 23 5 . 2 16 11 . . 1 1 . 2 . Fast Attach 28 | . 2 . . 1 9 7 . . . . . 8 1 Attach 36 | . 3 3 1 . 7 7 . . . 3 1 6 5 Detach 16 | . . . . 1 3 2 . . . 2 . 7 1 Swap 62 | . 6 2 1 3 17 11 1 . 2 3 2 13 1 Drop 67 | . 11 2 . 3 27 15 . . 1 . . 8 . Fire 194 | . 71 14 5 . 93 1 . . . . . 7 3 Melee 142 | . 7 15 . . 22 28 . . 3 25 22 20 . Ram . | . . . . . . . . . . . . . . Kick . | . . . . . . . . . . . . . . Crush 15 | . 12 3 . . . . . . . . . . . Escape Stasis 45 | . . . . . . 30 . . . . 15 . . Rewire . | . . . . . . . . . . . . . . Trap 11 | . 11 . . . . . . . . . . . . Miscellaneous . | . . . . . . . . . . . . . . Route ------- -11/Junkyard -10/Materials (discovered 3 exits: [*Mat x2] / [*Min]) -10/Mines (discovered 3 exits: [*Mat x2] / *Exi) -10/Exiles -9/Mines -8/Materials -7/Factory -7/Lower Caves -7/Data Miner -6/Proximity Caves -6/Factory (discovered 4 exits: *Low x2 / *Ext x2) -6/Extension -5/Factory (discovered 2 exits: *Upp x2) -5/Upper Caves History --------- Turn | Location | Event 1 | -11/Junkyard | Discovered new exit (range 0) 1 | -11/Junkyard | Entered Materials 311 | -10/Materials | Build established: Mutant 684 | -10/Materials | Discovered new exit (range 7) 895 | -10/Materials | Discovered new exit (range 16) 1520 | -10/Materials | Discovered new exit (range 16) 1869 | -10/Materials | Entered Mines 1882 | -10/Mines | Met a Derelict bent on vengeance 1933 | -10/Mines | Core integrity fell below 50% 2026 | -10/Mines | Found a damaged Exp. Sensor Array with a note attached 2031 | -10/Mines | Found Prototype Device 2075 | -10/Mines | Discovered new exit (range 15) 2224 | -10/Mines | Discovered new exit (range 10) 2632 | -10/Mines | Lost 3 parts (1p1n1w) 2750 | -10/Mines | Learned Materials terminal intel 2769 | -10/Mines | Found a hidden stash of uninstalled traps 2857 | -10/Mines | Received a Rocket Launcher from a helpful Derelict 3191 | -10/Mines | Deemed a non-threat by the Exiles lab entrance 3191 | -10/Mines | Discovered new exit (range 5) 3201 | -10/Mines | Entered Exiles 3259 | -10/Exiles | Met 8R-AWN 3300 | -10/Exiles | Met EX-HEX 3372 | -10/Exiles | Met EX-BIN 3398 | -10/Exiles | Aligned with FarCom system 3401 | -10/Exiles | Given EX-Vault access code 3461 | -10/Exiles | Opened EX-Vault 3518 | -10/Exiles | Warned to stay clear of 0b10 Research branches 3593 | -10/Exiles | Met EX-DEC 3602 | -10/Exiles | Learned location of Zion (-6) 3677 | -10/Exiles | Discovered new exit (range 10) 3772 | -10/Exiles | Attacked by the Exiles 3831 | -10/Exiles | Entered Mines 3903 | -9/Mines | Discovered new exit (range 7) 3957 | -9/Mines | Assembled infested the area 4239 | -9/Mines | Found the Drone Emporium 4247 | -9/Mines | Found Prototype Device 4325 | -9/Mines | Entered Materials 4325 | -8/Materials | Evolved 4 slots: Propulsion x1, Utility x3 4326 | -8/Materials | Loaded intel: 12 terminal locations 4329 | -8/Materials | Identified Decoy Drone Bay 4331 | -8/Materials | Identified Exp. Sensor Array 4562 | -8/Materials | Discovered new exit (range 14) 5547 | -8/Materials | Garrison activated, responded to threat 6039 | -8/Materials | Lost 3 parts (2n1u) 6145 | -8/Materials | Entered Factory 6145 | -7/Factory | Accompanied by 1 ally 6145 | -7/Factory | Evolved 2 slots: Propulsion x1, Utility x1 6660 | -7/Factory | Discovered new exit (range 16) 6672 | -7/Factory | Identified exit to Lower Caves 6695 | -7/Factory | Entered Lower Caves 6696 | -7/Lower Caves | A Derelict revealed a hidden shortcut to meet someone special 6696 | -7/Lower Caves | Encountered a Warlord checkpoint 6698 | -7/Lower Caves | Identified exit to Data Miner 6707 | -7/Lower Caves | Build established: Hacker-Sprinter 6822 | -7/Lower Caves | Entered Data Miner 6822 | -7/Data Miner | Discovered new exit (range 6) 6828 | -7/Data Miner | Met Data Miner 6838 | -7/Data Miner | Learned location of Section 7 (-2) 6838 | -7/Data Miner | Acquired the access code to Warlord's prototype stash 6841 | -7/Data Miner | Received God Mode back door access code from Data Miner 6848 | -7/Data Miner | Identified exit to Proximity Caves 6848 | -7/Data Miner | Entered Proximity Caves 6852 | -6/Proximity Caves | Spotted B-75 Beast 6883 | -6/Proximity Caves | Learned Factory garrison access intel 6943 | -6/Proximity Caves | Escorted by Enhanced Grunt 6996 | -6/Proximity Caves | Learned Factory garrison access intel 7003 | -6/Proximity Caves | Learned Factory garrison access intel 7025 | -6/Proximity Caves | Discovered new exit (range 9) 7069 | -6/Proximity Caves | Identified exit to Factory 7100 | -6/Proximity Caves | Entered Factory 7100 | -6/Factory | Evolved 2 slots: Utility x2 7101 | -6/Factory | Loaded intel: 4 garrison access locations 7304 | -6/Factory | Discovered new exit (range 8) 7309 | -6/Factory | Identified exit to Lower Caves 7370 | -6/Factory | Identified exit to Extension 7579 | -6/Factory | Entered Extension 7605 | -6/Extension | Rescued a captive Derelict 7612 | -6/Extension | Central database locked down 7620 | -6/Extension | Rescued A7 7730 | -6/Extension | Destroyed A7 7732 | -6/Extension | Extracted ID and sensor layout for unrecognized location from A7's data core 7769 | -6/Extension | Spotted B-75 Beast 7772 | -6/Extension | Spotted B-75 Beast 7776 | -6/Extension | Discovered new exit (range 3) 7776 | -6/Extension | Identified exit to Factory 7777 | -6/Extension | Entered Factory 7777 | -5/Factory | Evolved 2 slots: Propulsion x1, Utility x1 7778 | -5/Factory | Loaded intel: 4 garrison access locations 8162 | -5/Factory | Incoming investigation squad redirected 8257 | -5/Factory | Identified exit to Upper Caves 8277 | -5/Factory | Build established: Hacker-Scout 8284 | -5/Factory | Fabricated Cld. Cesium-ion Thruster (x1) 8405 | -5/Factory | Lost 4 parts (2n2u) 8416 | -5/Factory | Entered Upper Caves 8482 | -5/Upper Caves | Lost 4 parts (1p2n1u) 8622 | -5/Upper Caves | Attracted the attention of an 0b10 checkpoint 8639 | -5/Upper Caves | Learned 4 Factory zone layouts 8714 | -5/Upper Caves | Spotted B-75 Beast 8748 | -5/Upper Caves | Learned location of Armory (-4) 8752 | -5/Upper Caves | Build established: Hacker-Mutant 8762 | -5/Upper Caves | Self-destructed Last Messages --------------- 08616_ Found Enh. Gauss Cannon. 08616_ Found Tesla Rifle. 08616_ Found Adv. Terrain Scan Processor. 08616_ Found 15 Matter. 08617_ Acquired 15 matter. 08622_ Y-64 Sentinel: "INTERCEPTING UNREGISTERED DERELICT." 08622_ Penetrated by Slug. 08625_ Angular Momentum Engine destroyed. 08625_ Slug penetrates Wall. 08628_ System corrupted: Energy discharge (-28). 08628_ Penetrated by Slug. 08639_ Acquired derelict log, extracted data. Data stored: Factory zone layouts (x4). 08675_ System corrupted: Component data lost. 08705_ Utility Shielding destroyed. 08720_ System corrupted: Substantial component data lost. 08737_ System corrupted: Energy discharge (-10). 08748_ Acquired derelict log, extracted data. World map updated: -4/Armory. 08756_ L-41 Fighter sneak attacks. Map ----- +----------------------------------------------------+ | | | | | | | | | ?????????????????????????????????????????????????? | | ?????????????????????????????????????????????????? | | ?????????????????????????????????????????????????? | | ?????????????????????????????????????????????????? | | ?????????????????????????????????????????????????? | | ?????????????????????????????????????????????????? | | ?????????????????????????????????????????????????? | | ?????????????????????????????????????????????????? | | ?????????????????????????????????????????????????? | | ?????????????????????????????????????????????????? | | ?????????????????????????????????????????????????? | | ???????????????????????#######???????????????????? | | ????????????????????????" "" #???????????????????? | | ???????????????????????? """ ????????????????????? | | ???????????????????????? "" "????????????????????? | | ??????????????????####??# #???????????##???????? | | ??????????????????# ### #####???### #???????? | | ??????????????????# # ### #???????? | | ???????????????????? #????????? | | ??????# ???????????# #????????? | | ???? s ## #????????? | | ?????# s s @ #???????????? | | ??????????????## ## ####???????????? | | ???????????????### ## ???# ##????#?????????? | | ?????????????????????????# ##????? ?????????? | | ?????????????????????????## #?????? ????????? | | ??????????????????????????# #?????? #???????# | | ??????????????????????????# #?###??? ##??### | | ??????????????????????????# ## ##? ??# | | ??????????????????????????# # #?? ### | | ?????????????????????????## ##?? | | ?????????????????????# ## ## ## | | ??????????????????????# ## ? | | ??????????????????????### # ##?# ?# | | ?????????????????????? ## #??# ## ? | | ??????????????????? #?# #???# ?? | | ????????????????? #??# #????# #?? | | ????????????????# #??## "###?# #?? | | ????????????????########??## #?# ##? | | ??????????????????????????# #?# ?# ## | | ?????????????????????????# ## #?# #?# # | | ?????????????????????????# ### #?# ### | | ?????????????????????????# ??# #?# ## | | ?????????????????????????## ??# #?# | | ??????????????????????????## ??# #?# | | ???????????????????????????# ??# #### | +----------------------------------------------------+ Best States ------------- Heat Dissipation 48 Energy Generation 18 Energy Capacity 300 Matter Stores 300 Matter Capacity 300 Sight Range 22 Robot Scan Range 16 Terrain Scan Density 10 ECM Strength 2 Power Amplification 20 Additional Mass Support 12 Corruption Block 15 Armor Coverage 225 Propulsion Shielding 66 Utility Shielding 33 Evasion (%) 64 Recoil Reduction 3 Offensive Hacking 30 Defensive Hacking 14 Item Schematics ----------------- Lgt. Regenerative Plating | -7/Data Miner | Free Combat Drone Bay | -7/Data Miner | Free Cld. Cesium-ion Thruster | -7/Data Miner | Free Gravity Neutralizer | -7/Data Miner | Free Force Rifle | -7/Data Miner | Free Arm. Medium Treads | -7/Data Miner | Free Imp. Coolant Injector | -7/Data Miner | Free Hyp. Gauss Cannon | -7/Data Miner | Free Enh. Optical Array | -7/Data Miner | Free KE Penetrator | -7/Data Miner | Free Lgt. Antimatter Reactor | -7/Data Miner | Free Imp. System Shield | -6/Extension | Hacked Imp. Hacking Suite | -6/Extension | Hacked Imp. Propulsion Shielding | -6/Extension | Hacked Imp. Utility Shielding | -6/Extension | Hacked Powered Armor | -6/Extension | Hacked Mic. Nuclear Core | -6/Extension | Hacked Exp. Sensor Array | -5/Factory | Scanalyzed Robot Schematics ------------------ M-14 Sweeper | -7/Data Miner | Free W-25 Informer | -7/Data Miner | Free L-41 Fighter | -7/Data Miner | Free G-47 Trooper | -7/Data Miner | Free R-10 Processor | -7/Data Miner | Free B-60 Warrior | -7/Data Miner | Free A-15 Conveyor | -7/Data Miner | Free E-15 Imp | -6/Factory | Hacked Fabricated ------------ Cld. Cesium-ion Thruster | x1 | -5/Factory Alien Tech Used ----------------- None Achievements -------------- None Challenges ------------ None Game ------ Seed NullFocalInterpreter Manual? 0 Play Time 01:26:30 Cumulative 395.9 hours Start 2023.04.11 @ 08:35:25 End 2023.04.11 @ 16:41:04 Sessions 6 Manual Loads 0 Difficulty Rogue Special Mode None Game No. 436 Rogue 436 Adventurer 0 Explorer 0 Win Type - Total 12 Types 8/0/3/1/0/0/0/0/0 Lore% 81 Gallery% 89 Achievement% 79 Wizard Run 0 Options --------- ASCII 0 Keyboard 0 Movement Numpad Keybinds 0 Fullscreen 1 Font 18/Terminus Map View 76x50 Tactical HUD 1 Map Filters NONE Filters NONE Steam 1 RUN: 4a29fdc7-17d0-4179-953c-c118acc73c8f